 Dungeon Crawl Stone Soup version 0.28-a0-906-g0406aca7d3 (webtiles) character file.

Game seed: 4159958700701469323

1008 croobank the Sneak (level 8, -6/59 HPs)
             Began as a Human Delver on Nov 23, 2021.
             Was an Initiate of Vehumet.
             Mangled by a wyvern (9 damage)
             ... on level 5 of the Dungeon.
             The game lasted 00:40:11 (8916 turns).

croobank the Sneak (Human Delver)                   Turns: 8916, Time: 00:40:11

Health: -6/59      AC:  5    Str: 17    XL:     8   Next: 44%
Magic:  14/14      EV: 11    Int: 19    God:    Vehumet [......]
Gold:   230        SH:  0    Dex: 18    Spells: 9/15 levels left

rFire   . . .      SeeInvis .   y - +0 war axe
rCold   + + .      Faith    .   (no shield)
rNeg    . . .      Spirit   .   k - +0 ring mail
rPois   .          Reflect  .   (no helmet)
rElec   .          Harm     .   (no cloak)
rCorr   .          Rampage  .   (no gloves)
Will    .....                   (no boots)
Stlth   +++.......              (no amulet)
HPRegen 0.19/turn               h - +6 ring of strength
MPRegen 0.14/turn               e - ring of Jibor {rC++ Str-2 Int+6 Dex+4}

@: no status effects
A: no striking features
a: Renounce Religion


You were on level 5 of the Dungeon.
You worshipped Vehumet.
Vehumet was noncommittal.
You visited 1 branch of the dungeon, and saw 5 of its levels.

You collected 230 gold pieces.

Inventory:

Hand Weapons
 a - a +0 hand axe
 i - a +0 dagger
 y - a +0 war axe (weapon)
 A - a +0 short sword
Missiles
 d - 129 stones
 m - 6 curare-tipped darts
 u - 4 poisoned darts
Armour
 b - a +0 leather armour
 k - a +0 ring mail (worn)
 o - a +0 plate armour
Magical Staves
 q - a staff of earth
Jewellery
 e - the ring of Jibor (right hand) {rC++ Str-2 Int+6 Dex+4}
   (You found it on level 4 of the Dungeon)

   [ring of intelligence]

   Str:       It affects your strength (-2).
   Int:       It affects your intelligence (+6).
   Dex:       It affects your dexterity (+4).
   rC:        It greatly protects you from cold.
 h - a +6 ring of strength (left hand)
 l - a ring of poison resistance
 t - a ring of magical power
Wands
 g - a wand of digging (3)
 w - a wand of paralysis (4) (quivered)
Scrolls
 c - a scroll of fog
 r - a scroll of enchant armour {unknown}
 x - 2 scrolls of magic mapping
 z - a scroll of enchant weapon {unknown}
 B - a scroll of amnesia
 C - a scroll of summoning {unknown}
Potions
 f - a potion of mutation {unknown}
 j - a potion of lignification
 n - a potion of resistance
 p - a potion of flight
 s - a potion of haste
 v - a potion of brilliance


   Skills:
 - Level 3.6 Fighting
 - Level 3.6 Axes
 - Level 0.9 Throwing
 - Level 2.3 Armour
 - Level 2.4 Dodging
 - Level 5.6 Stealth
 * Level 4.3 Spellcasting
 - Level 2.1 Translocations
 * Level 4.2 Air Magic
 + Level 1.1 Evocations


You had 9 spell levels left.
You knew the following spells:

 Your Spells              Type           Power      Damage    Failure   Level
a - Blink                 Tloc           24%        N/A       16%         2
b - Airstrike             Air            10%        N/A       38%         4

Your spell library contained the following spells:

 Spells                   Type           Power      Damage    Failure   Level
 Shock                    Conj/Air       48%        1d6       10%         1
 Swiftness                Air            20%        N/A       12%         3
 Frozen Ramparts          Ice            8%         1d2       56%         3
 Summon Lightning Spire   Summ/Air       12%        N/A       69%         4
 Ice Form                 Ice/Tmut       4%         N/A       93%         4
 Summon Ice Beast         Ice/Summ       4%         N/A       93%         4
 Lightning Bolt           Conj/Air       6%         1d18      95%         5
 Manifold Assault         Tloc           12%        N/A       95%         5
 Storm Form               Tmut/Air       6%         N/A       100%        7


Dungeon Overview and Level Annotations

Branches:
Dungeon (5/15)             Temple (0/1) D:4

Altars:
Makhleb
Vehumet
Xom

Annotations:
D:2 1 runed translucent door, Crazy Yiuf


Message History

You kill the orc!
Vehumet accepts your kill.
You hit the orc but do no damage. The orc closely misses you.
The orc hits you with a +0 club.
You hit the orc but do no damage. The orc completely misses you.
You hit the orc.
The orc is moderately wounded.
The orc hits you but does no damage.
You closely miss the orc.
The orc is moderately wounded.
The orc hits you with a +0 club. The orc hits you but does no damage.
You slash the orc!
You kill the orc!
Vehumet accepts your kill.
Items here: )))) [ ††.
HP restored.
Items here: )))) [ ††.
A wyvern comes into view.
The helpless wyvern fails to defend itself.
You slash the wyvern!
The wyvern is heavily wounded.
The wyvern closely misses you.
The wyvern bites you but does no damage.
You hit the wyvern.
The wyvern is severely wounded.
The wyvern bites you but does no damage.
The wyvern barely misses you. The wyvern bites you!
You hit the wyvern.
The wyvern is severely wounded.
The wyvern bites you! x2
You barely miss the wyvern.
The wyvern is severely wounded.
The wyvern bites you!
* * * LOW HITPOINT WARNING * * *
The wyvern bites you!
* * * LOW HITPOINT WARNING * * *
You closely miss the wyvern.
The wyvern is severely wounded.
The wyvern bites you!
You die...

*,***
*.........#
#.#
*>#######.#
#.# *,* #.#
#.# *,* #.#
#.# *,* #.#
#.#
*,#######.##
#.#
*,....).....
#l#
**##.######.
#@# *,* #. #.#
*,* #. #.# *,*
#. #.# *,* #.
#.#
****##.######.
#.#
*,,,..........
#.#
#.#*#######.##
##.###.# #.#
##.#.##.# #.#


You could see a wyvern.

Vanquished Creatures
  A wyvern (D:4)
  A necrophage (D:5)
  2 ogres
  A phantom (D:5)
  A water moccasin zombie (D:5)
  A wyvern zombie (D:5)
  A hound (D:5)
  An orc priest (D:3)
  Natasha (thrice) (D:2)
  3 iguanas
  An orc wizard (D:3)
  7 adders
  4 worms
  8 dart slugs
  12 orcs
  3 endoplasms
  9 hobgoblins
  4 jackals (D:1)
  3 quokkas
  9 ball pythons
  3 bats
  3 frilled lizards (D:1)
  3 goblins
  7 kobolds
  7 rats
98 creatures vanquished.

Vanquished Creatures (others)
  32 plants (D:3)
32 creatures vanquished.

Grand Total: 130 creatures vanquished

Notes
Turn   | Place    | Note
-------+----------+-------------------------------------------
     0 | D:5      | croobank the Human Delver began the quest for the Orb.
     0 | D:5      | Reached XP level 1. HP: 18/18 MP: 1/1
    71 | D:5      | Noticed a yak
   405 | D:2      | Reached XP level 2. HP: 16/24 MP: 2/2
   769 | D:1      | Reached XP level 3. HP: 18/29 MP: 3/3
   918 | D:1      | Learned a level 2 spell: Blink
  1374 | D:1      | Found a faded altar of an unknown god.
  1813 | D:2      | Found a runed translucent door.
  1814 | D:2      | Noticed Crazy Yiuf
  2257 | D:2      | Reached XP level 4. HP: 34/35 MP: 4/4
  2407 | D:2      | Reached skill level 1 in Translocations
  2652 | D:2      | Reached skill level 1 in Armour
  2745 | D:2      | Noticed Natasha
  3010 | D:2      | Killed Natasha
  3011 | D:2      | Reached XP level 5. HP: 22/41 MP: 6/6
  3259 | D:2      | Noticed Natasha
  3262 | D:2      | Found a shimmering altar of Xom.
  3275 | D:2      | Killed Natasha
  3673 | D:2      | Noticed Natasha
  4507 | D:2      | Killed Natasha
  4508 | D:2      | Reached skill level 1 in Spellcasting
  5226 | D:3      | Reached XP level 6. HP: 47/47 MP: 7/7
  6069 | D:4      | Noticed an ogre
  6098 | D:4      | Killed an ogre
  6257 | D:4      | Found a staircase to the Ecumenical Temple.
  6264 | D:4      | Identified the ring of Jibor {rC++ Str-2 Int+6 Dex+4}
  6328 | D:4      | Noticed a wyvern
  6594 | D:3      | Upgraded the game from 0.28-a0-895-g6e5f11bd55 to
                  | 0.28-a0-906-g0406aca7d3
  6697 | D:4      | Killed a wyvern
  6698 | D:4      | Reached skill level 1 in Air Magic
  6698 | D:4      | Reached XP level 7. HP: 52/52 MP: 8/11
  7077 | D:4      | Found a radiant altar of Vehumet.
  7109 | D:4      | Became a worshipper of Vehumet
  7676 | D:5      | Reached XP level 8. HP: 22/59 MP: 13/13
  7877 | D:5      | Learned a level 4 spell: Airstrike
  7901 | D:5      | Found a burning altar of Makhleb.
  7937 | D:5      | Reached skill level 1 in Evocations
  8905 | D:5      | Noticed a wyvern
  8916 | D:5      | Mangled by a wyvern

Illustrated notes

Levels and vault maps discovered:
D:1:      dpeg_arrival_simpleton_b, layout_rooms,
          shapermc_ecumenical_altar_pompeii
D:2:      layout_basic, basic_altar, chequers_serial_rivers_large_b,
          minmay_puff, uniq_crazy_yiuf_cottage, uniq_natasha
D:3:      layout_basic, serial_bayou, serial_bayou_ford_a, serial_bayou_pond_b,
          serial_bayou_crossing, serial_bayou_shore_a, st_stairs_12
D:4:      layout_loops_cross, vehumet_crystals, minmay_temple_entry_grid
D:5:      layout_loops_ring, general_overflow_altar, serial_shops,
          nicolae_shop_waterfront, guppyfry_early_orc_mine

Skill      XL: |  1  2  3  4  5  6  7  8 |
---------------+-------------------------+-----
Translocations | 1 2 |  2.1
Armour         | 1 2 |  2.3
Axes           | 3 |  3.6
Spellcasting   | 1 2 3 4 |  4.3
Air Magic      | 1 3 4 |  4.2
Evocations     | 1 |  1.1
Fighting       | |  3.6
Throwing       | |  0.9
Dodging        | |  2.4
Stealth        | |  5.6

Action                   |  1- 3 |  4- 6 |  7- 9 || total
-------------------------+-------+-------+-------++-------
Melee: Hand axe          |   120 |   191 |       ||   311
       War axe           |       |    25 |   120 ||   145
Throw: Dart              |       |    24 |       ||    24
       Stone             |       |     8 |       ||     8
 Cast: Blink             |     1 |     2 |     1 ||     4
Evoke: Wand              |       |     3 |       ||     3
  Use: Scroll            |     6 |     5 |       ||    11
       Potion            |       |     6 |     1 ||     7
 Stab: Sleeping          |     7 |     5 |     2 ||    14
       Paralysed         |       |     4 |       ||     4
Armor: Leather armour    |    35 |     9 |       ||    44
       Ring mail         |       |    41 |    30 ||    71
       Skin              |       |     4 |       ||     4
Dodge: Dodged            |    77 |    95 |    65 ||   237

Table legend: (Time is in decaauts)
 A = Elapsed time spent in this place.
 B = Non-inter-level travel time spent in this place.
 C = Inter-level travel time spent in this place.
 D = Time resting spent in this place.
 E = Time spent auto-exploring this place.
 F = Levels seen in this place.
 G = Mean time per level.
                   A        B        C        D        E       F      G
               +--------+--------+--------+--------+--------+-----+--------+
         Total |   9087 |   8958 |    129 |   4163 |   3236 |   5 | 1817.4 |
       Dungeon |   9087 |   8958 |    129 |   4163 |   3236 |   5 | 1817.4 |
               +--------+--------+--------+--------+--------+-----+--------+

Top non-repeatable levels by time:
     D:2: 2936 daAuts
     D:5: 1895 daAuts
     D:3: 1685 daAuts
     D:1: 1508 daAuts
     D:4: 1062 daAuts
